 Dungeon Crawl Stone Soup version 0.21-a0-578-gc6e9d75 (webtiles) character file.

74 Megalobster the Firebug (level 4, -8/24 HPs)
             Began as a Deep Elf Fire Elementalist on Dec 18, 2017.
             Killed by divine providence
             ... invoked by an orc priest
              (14 damage)
             ... on level 3 of the Dungeon.
             The game lasted 00:07:46 (2565 turns).

Megalobster the Firebug (DEFE)                      Turns: 2565, Time: 00:07:47

Health: -8/24      AC:  5    Str:  4 (5)  XL:     4   Next: 10%
Magic:  8/11       EV: 19    Int: 20 (21) God:
Gold:   86         SH:  0    Dex: 18 (20) Spells: 4/10 levels left

rFire    . . .     SeeInvis .   j - +0 dagger
rCold    . . .     Gourm    .   (no shield)
rNeg     . . .     Faith    .   a - +0 robe
rPois    .         Spirit   .   (no helmet)
rElec    .         Reflect  .   (no cloak)
rCorr    .         Harm     .   k - +2 pair of gloves
MR       .....                  (no boots)
Stlth    ++........             (no amulet)
HPRegen  0.08/turn              (no ring)
MPRegen  0.12/turn              (no ring)

@: confused, agile, about to teleport
A: no striking features
a: no special abilities


You were on level 3 of the Dungeon.
You were not hungry.

You visited 1 branch of the dungeon, and saw 3 of its levels.

You collected 86 gold pieces.

Inventory:

Hand Weapons
 j - a +0 dagger (weapon)
Armour
 a - a +0 robe (worn)
 k - a +2 pair of gloves (worn)
Scrolls
 e - a scroll of random uselessness {unknown}
 f - a scroll of blinking {unknown}
 l - a scroll of fear {unknown}
 p - 2 scrolls of teleportation
 q - 2 scrolls of identify
Potions
 d - a potion of haste
 m - 2 potions of flight
 r - a potion of curing
Books
 b - a book of Flames

   Spells                             Type                      Level
   a - Flame Tongue                   Conjuration/Fire             1
   b - Throw Flame                    Conjuration/Fire             2
   c - Conjure Flame                  Conjuration/Fire             3
   d - Inner Flame                    Hexes/Fire                   3
   e - Sticky Flame                   Conjuration/Fire             4
   f - Fireball                       Conjuration/Fire             5
Comestibles
 c - 5 rations


   Skills:
 + Level 3.2 Dodging
 - Level 2.4 Stealth
 + Level 3.7 Spellcasting
 * Level 2.8 Conjurations
 + Level 3.8 Fire Magic


You had 4 spell levels left.
You knew the following spells:

 Your Spells              Type           Power        Failure   Level  Hunger
a - Flame Tongue          Conj/Fire      ###..        3%          1    None
b - Throw Flame           Conj/Fire      ###...       4%          2    ##.....
c - Conjure Flame         Conj/Fire      ###.....     10%         3    ###....


Dungeon Overview and Level Annotations

Branches:
Dungeon (3/15)

Altars:


Message History

The flame tongue hits the orc.
The orc is heavily wounded.
The orc closely misses you.
The orc priest calls down the wrath of Beogh upon you.
Beogh smites you!
Ouch! That really hurt!
* * * LOW HITPOINT WARNING * * *
As you read the scroll of teleportation, it crumbles to dust.
You feel strangely unstable. The orc misses you.
The orc priest begins to cast a cantrip, but forgets the words!
The orc priest calls upon Beogh to heal the orc.
The orc's wounds heal themselves!
You are confused.
You feel invigorated. The orc hits you with a whip.
* * * LOW HITPOINT WARNING * * *
The orc priest misses you.
The orc priest invokes the aid of Beogh against you.
Beogh smites you!
Ouch! That really hurt!
You die...

####...# ##+# # ##.##
##...## # ###.# ##.....##
# ##.#.# ##.......## #
######....###.........####
............+.........'...
######....###.........####
##.o..# #.......## #
##.#@#.###.....##
#.##o##.#.......# #o.oo#
.#.##+##.# #.#### #.
#.##.# #.. .##.##.##.#####
#.#. .............. #o###
#.#...#.#####


oo. #.......# ..o #.#...#.# You could see 2 orc priests and 2 orcs.

Vanquished Creatures
  3 adders (D:2)
  An ooze (D:2)
  2 dart slugs
  8 bats
  2 giant cockroaches
  6 goblins
  A hobgoblin (D:1)
  5 jackals (D:2)
  3 kobolds
  A quokka (D:2)
  2 frilled lizards
  8 rats
42 creatures vanquished.

Notes
Turn   | Place    | Note
-------+----------+-------------------------------------------
     0 | D:1      | Megalobster the Deep Elf Fire Elementalist began the quest for the Orb.
     0 | D:1      | Reached XP level 1. HP: 10/10 MP: 6/6
   452 | D:1      | Reached XP level 2. HP: 12/15 MP: 6/8
   501 | D:1      | Learned a level 2 spell: Throw Flame
  1121 | D:2      | Reached XP level 3. HP: 16/19 MP: 4/9
  1359 | D:2      | Learned a level 3 spell: Conjure Flame
  1908 | D:2      | Reached XP level 4. HP: 21/24 MP: 2/11
  2565 | D:3      | Killed from afar by an orc priest

Vault maps used:
D:1:      shiori_angband_town, serial_glass, glass_columns_a, glass_columns_b
D:3:      minmay_randomly_rotated_circles, uniq_grinder

Skill      XL: |  1  2  3 |
---------------+----------+-----
Conjurations   | 2 |  2.8
Dodging        | 3 |  3.2
Stealth        | |  2.4
Spellcasting   | |  3.7
Fire Magic     | |  3.8

Action                   |  1- 3 |  4- 6 || total
-------------------------+-------+-------++-------
Melee: Dagger            |    23 |     3 ||    26
 Cast: Flame Tongue      |    56 |    10 ||    66
       Throw Flame       |    13 |     6 ||    19
  Use: Scroll            |     5 |     1 ||     6
       Potion            |       |     5 ||     5
 Stab: Sleeping          |     2 |     1 ||     3
  Eat: Chunk             |     3 |     2 ||     5
Armor: Robe              |    14 |       ||    14
Dodge: Dodged            |    38 |     8 ||    46

Table legend:
 A = Spawn XP
 B = Non-spawn XP
 C = Spawn XP percentage of total XP
 D = Spawn monster count
 E = Non-spawn monster count
 F = Spawn count percentage of total count
 G = Total turns spent on level
                    A         B        C        D         E        F      G
               +---------+---------+-------+---------+---------+-------+---------
         Total |       0 |     107 |   0.0 |       0 |      42 |   0.0 |  2565
               +---------+---------+-------+---------+---------+-------+---------
           D:1 |       0 |      27 |   0.0 |       0 |      17 |   0.0 |  1056
           D:2 |       0 |      74 |   0.0 |       0 |      22 |   0.0 |  1157
           D:3 |       0 |       6 |   0.0 |       0 |       3 |   0.0 |   352
               +---------+---------+-------+---------+---------+-------+---------
